 Dungeon Crawl Stone Soup version 0.29-a0-284-gf9362112df (webtiles) character file.

Game seed: 8476362721448264440

11 spaghetti the Skirmisher (level 2, 0/33 HPs)
             Began as an Ogre Fighter on Mar 22, 2022.
             Succumbed to an adder's poison
             ... on level 2 of the Dungeon.
             The game lasted 00:00:51 (614 turns).

spaghetti the Skirmisher (Ogre Fighter)              Turns: 614, Time: 00:00:51

Health: 0/33       AC:  3    Str: 19    XL:     2   Next: 25%
Magic:  2/2        EV:  8    Int:  9    God:
Gold:   45         SH:  7    Dex:  8    Spells: 1/1 levels left

rFire   . . .      SeeInvis .   a - +0 flail {mace}
rCold   . . .      Faith    .   c - +0 kite shield
rNeg    . . .      Spirit   .   b - +0 robe
rPois   .          Reflect  .   (helmet restricted)
rElec   .          Harm     .   (no cloak)
rCorr   .          Rampage  .   (gloves unavailable)
Will    .....                   (boots unavailable)
Stlth   +.........              (no amulet)
HPRegen 0.11/turn               (no ring)
MPRegen 0.08/turn               (no ring)

@: mighty, lethally poisoned (0 -> -5), flying
A: large, unfitting armour, tough skin 1, mutation resistance 1
a: no special abilities


You were on level 2 of the Dungeon.
You visited 1 branch of the dungeon, and saw 2 of its levels.

You collected 45 gold pieces.


Innate Abilities, Weirdness & Mutations

You are too large for most types of armour.
You have tough skin. (AC +1)
You are somewhat resistant to further mutation.


   Skills:
 * Level 4.6 Fighting
 + Level 2.1 Maces & Flails
 - Level 2.6 Dodging
 - Level 2.6 Shields


You had one spell level left.
You didn't know any spells.
Your spell library was empty.

Inventory:

Hand Weapons
 a - a +0 flail (weapon) {mace}
Missiles
 h - a stone (quivered) {throwing}
Armour
 b - a +0 robe (worn)
 c - a +0 kite shield (worn)
Scrolls
 i - a scroll of blinking {unknown}
Potions
 j - a potion of attraction {unknown}

Dungeon Overview and Level Annotations

Branches:
Dungeon (2/15)

Altars:

#.##....<.......
#.##.#..######## .#
#........# .###
#.##..[..# ...#
#.##.....# .#.#
#.##.#.#.# .#.#
.....#.#.# ##.#.#
#.####.#.# #S.#.# #.#
##+#.# # #@##.#
#.###....# #.##.##.#
#........## #.......#
###.......######.####
##.........####...##
.+......<..'.......#
##.........####...##
##.......## #...##
##.....## #.###


You could see an adder.


Message History

You sock the hobgoblin!
You kill the hobgoblin!
Key pressed, stopping explore.
A goblin comes into view. It is wielding a +0 club.
The goblin shouts! 😎 HP[+2]
Your hp is fully restored (33).
The goblin hits you but does no damage.
You sock the goblin!
You kill the goblin!
You see here a +0 club {mace}.
Found a stone staircase leading down.
There is a stone staircase leading down here.
You climb downwards.
There is a stone staircase leading up here.
You now have 34 gold pieces (gained 10).
Found an escape hatch in the floor.
A hobgoblin comes into view.
The hobgoblin shouts!
The hobgoblin closely misses you.
You barely miss the hobgoblin. The hobgoblin hits you. 😕 HP[-1]
You take 1 damage, and now have 32/33 hp.
You closely miss the hobgoblin. The hobgoblin barely misses you.
You block the hobgoblin's attack.
You thump the hobgoblin!
You kill the hobgoblin!
Found a stone staircase leading down. 😎 HP[+1]
Your hp is fully restored (33).
Key pressed, stopping explore.
You open the door.
Found an escape hatch in the ceiling.
There is an open door here.
You now have 45 gold pieces (gained 11).
There is an escape hatch in the ceiling here.
You open the door.
There is an open door here.
An adder comes into view.
The adder hisses angrily.
You closely miss the adder. The adder closely misses you.
The adder bites you. 😕 HP[-1]
You take 1 damage, and now have 32/33 hp.
You closely miss the adder. You block the adder's attack.
The adder bites you. 😕 HP[-2]
You take 2 damage, and now have 30/33 hp.
You closely miss the adder. The adder bites you but does no damage.
You block the adder's attack.
You barely miss the adder. The adder bites you but does no damage.
The adder barely misses you.
You barely miss the adder.
The adder bites you but does no damage. x2
You barely miss the adder. The adder bites you but does no damage.
The adder bites you. 😕 HP[-3]
You take 3 damage, and now have 27/33 hp.
You miss the adder.
The adder bites you but does no damage. 😕 HP[+1]
You hit the adder but do no damage. The adder bites you.
You are poisoned.
The adder poisons you! The adder closely misses you. 😕 HP[-2]
You take 2 damage, and now have 26/33 hp.
You barely miss the adder.
You feel sick. The adder bites you.
You are more poisoned.
The adder poisons you! The adder bites you.
You are more poisoned.
The adder poisons you! 😮 HP[-6]
You take 6 damage, and now have 20/33 hp.
You closely miss the adder.
* * * LOW HITPOINT WARNING * * *
You feel very sick. The adder bites you but does no damage.
The adder bites you.
* * * LOW HITPOINT WARNING * * *
😨 HP[-7]
You take 7 damage, and now have 13/33 hp.
MASSIVE DAMAGE!! (PAUSE) It was a potion of flight.
You feel very buoyant.
You fly up into the air.
* * * LOW HITPOINT WARNING * * *
You feel sick. The adder bites you.
* * * LOW HITPOINT WARNING * * *
😨 HP[-4]
You take 4 damage, and now have 9/33 hp.
You feel very mighty all of a sudden.
* * * LOW HITPOINT WARNING * * *
You feel sick. The adder bites you.
* * * LOW HITPOINT WARNING * * *
The adder closely misses you. 😱 HP[-6]
You take 6 damage, and now have 3/33 hp.
It was a potion of mutation.
You feel extremely strange.
You feel genetically stable.
* * * LOW HITPOINT WARNING * * *
You feel sick. You block the adder's attack. 😱 HP[-2]
You take 2 damage, and now have 1/33 hp.
It was a potion of magic.
Magic courses through your body.
You die...

Skill      XL: |  1 |
---------------+----+-----
Maces & Flails | 2 |  2.1
Fighting       | |  4.6
Dodging        | |  2.6
Shields        | |  2.6

Action                   || total
-------------------------++-------
Melee: Flail             ||    43
  Use: Potion            ||     4
Armor: Robe              ||    23
Dodge: Dodged            ||    16
Block: Kite shield       ||    19

Levels and vault maps discovered:
D:1:      ncdulo_watergridlock, layout_basic,
          hellmonk_ecumenical_altar_inner_sanctum, dreamdust_princess_bridge,
          kennysheep_decorative_pillar
D:2:      layout_loops_corners, uniq_crazy_yiuf_cottage

Notes
Turn   | Place    | Note
-------+----------+-------------------------------------------
     0 | D:1      | spaghetti the Ogre Fighter began the quest for the Orb.
     0 | D:1      | Reached XP level 1. HP: 24/24 MP: 1/1
     0 | D:1      | magus.rc [v1.9.6]
   344 | D:1      | Reached skill level 2 in Maces & Flails
   386 | D:1      | Reached XP level 2. HP: 33/33 MP: 2/2
   612 | D:2      | HP: 7/33 [poisoned by an adder]
   612 | D:2      | HP: 3/33 [adder (4)]
   613 | D:2      | Gained mutation: You are somewhat resistant to further
                  | mutation. [potion of mutation]
   613 | D:2      | HP: 1/33 [poisoned by an adder]
   614 | D:2      | Succumbed to an adder's poison

Vanquished Creatures
  A bat (D:1)
  A giant cockroach (D:1)
  A goblin (D:1)
  2 hobgoblins
  2 kobolds (D:1)
  3 rats (D:1)
10 creatures vanquished.

Table legend:
 A = Non-vault XP
 B = Vault XP
 C = Vault XP percentage of total XP
 D = Non-vault monster count
 E = Vault monster count
 F = Vault count percentage of total count
                 A         B        C        D         E       F
            +---------+---------+-------+---------+---------+-------
      Total |      16 |       0 |   0.0 |      10 |       0 |   0.0
            +---------+---------+-------+---------+---------+-------
        D:1 |      14 |       0 |   0.0 |       9 |       0 |   0.0
        D:2 |       2 |       0 |   0.0 |       1 |       0 |   0.0
            +---------+---------+-------+---------+---------+-------

Illustrated notes

Table legend:
 A = Kills in this place as a percentage of kills in entire the game.
 B = Kills by you in this place as a percentage of kills by you in the entire game.
 C = Kills by friends in this place as a percentage of kills by friends in the entire game.
 D = Other kills in this place as a percentage of other kills in the entire game.
 E = Experience gained in this place as a percentage of experience gained in the entire game.
 F = Experience gained in this place divided by the number of levels of this place that you have seen.
                   A       B       C       D       E      F
               +-------+-------+-------+-------+-------+----------------------
         Total | 100.0 | 100.0 |   N/A |   N/A | 100.0 |   8.0
       Dungeon | 100.0 | 100.0 |   N/A |   N/A | 100.0 |   8.0
               +-------+-------+-------+-------+-------+----------------------

Table legend: (Time is in decaauts)
 A = Elapsed time spent in this place.
 B = Non-inter-level travel time spent in this place.
 C = Inter-level travel time spent in this place.
 D = Time resting spent in this place.
 E = Time spent auto-exploring this place.
 F = Levels seen in this place.
 G = Mean time per level.
                   A        B        C        D        E       F      G
               +--------+--------+--------+--------+--------+-----+--------+
         Total |    633 |    633 |      0 |    140 |    344 |   2 |  316.5 |
       Dungeon |    633 |    633 |      0 |    140 |    344 |   2 |  316.5 |
               +--------+--------+--------+--------+--------+-----+--------+

Top non-repeatable levels by time:
     D:1: 487 daAuts
     D:2: 145 daAuts
